 Dungeon Crawl Stone Soup version 0.21.2 (webtiles) character file.

20090 tidbits the Thaumaturge (level 12, 94/94 HPs)
             Began as a Gnoll Skald on Dec 3, 2018.
             Was a High Priest of Cheibriados.
             Quit the game on level 10 of the Dungeon on Dec 4, 2018.
             The game lasted 01:01:39 (4002 turns).

tidbits the Thaumaturge (Gnoll Skald)               Turns: 4002, Time: 01:01:40

Health: 94/94      AC: 11    Str: 32    XL:     12   Next: 75%
Magic:  25/25      EV: 22    Int: 35    God:    Cheibriados [*****.]
Gold:   220        SH:  8    Dex: 29    Spells: 6/29 levels left

rFire    . . .     SeeInvis +   b - +8 hand axe of the Eternal Void {chop, Int+3 SInv}
rCold    . . .     Gourm    .   D - +0 buckler
rNeg     . . .     Faith    .   B - +0 troll leather armour
rPois    +         Spirit   .   E - +0 helmet
rElec    .         Reflect  .   C - +3 cloak of Honour {rPois Str+3}
rCorr    .         Harm     .   (no gloves)
MR       +....                  (no boots)
Stlth    ++++......             V - amulet of magic regeneration
HPRegen  0.65/turn              j - +2 ring of strength
MPRegen  0.44/turn              n - ring of protection from magic

@: very slow
A: distributed training, fangs 1, strong nose
a: Bend Time, Temporal Distortion, Slouch, Step From Time, Renounce Religion


You were on level 10 of the Dungeon.
You worshipped Cheibriados.
Cheibriados was extremely pleased with you.
You were not hungry.

You visited 3 branches of the dungeon, and saw 15 of its levels.
You also visited: Labyrinth.

You collected 946 gold pieces.
You spent 726 gold pieces at shops.

Inventory:

Hand Weapons
 b - the +8 hand axe of the Eternal Void (weapon) {chop, Int+3 SInv}
   (You found it on level 5 of the Dungeon)

   It inflicts extra damage upon your enemies.
   It affects your intelligence (+3).
   It lets you see invisible.
 g - a +3 scimitar of flaming
   (You took it off Erica on level 8 of the Dungeon)
 u - a +2 dagger of draining
   (You took it off Dowan on level 6 of the Dungeon)
 w - a +0 morningstar
 z - a +2 whip of venom
   (You took it off a gnoll shaman on level 7 of the Dungeon)
 G - a +0 war axe of electrocution
   (You took it off an orc priest on level 2 of the Orcish Mines)
 R - a +0 trident of venom
   (You found it on level 10 of the Dungeon)
 U - a +0 broad axe
Missiles
 a - 6 tomahawks
 e - 80 arrows
 f - 46 bolts
 m - a tomahawk of returning (quivered)
Armour
 o - a +2 leather armour of fire resistance
   (You took it off an orc on level 2 of the Orcish Mines)
 x - a +2 scale mail of poison resistance
   (You found it on level 7 of the Dungeon)
 A - a cursed +0 robe
 B - a +0 troll leather armour (worn)
 C - the +3 cloak of Honour (worn) {rPois Str+3}
   (You bought it in a shop on level 2 of the Orcish Mines)

   It affects your strength (+3).
   It protects you from poison.
 D - a +0 buckler (worn)
 E - a +0 helmet (worn)
 L - a +2 robe of cold resistance
   (You took it off an orc wizard on level 7 of the Dungeon)
Magical Staves
 Y - an uncursed staff of fire {unknown}
   (You found it on level 10 of the Dungeon)
Jewellery
 j - a +2 ring of strength (left hand)
   (You found it on level 11 of the Dungeon)
 n - a ring of protection from magic (right hand)
   (You found it on level 7 of the Dungeon)
 I - an uncursed ring of see invisible
   (You found it on level 10 of the Dungeon)
 V - an amulet of magic regeneration (around neck)
   (You bought it in a shop on level 2 of the Orcish Mines)
 X - a +3 ring of dexterity
   (You found it on level 5 of the Dungeon)
Wands
 d - a wand of digging (10)
 v - a wand of flame (56)
Scrolls
 h - a scroll of blinking {unknown}
 i - a scroll of enchant armour {unknown}
 q - 3 scrolls of amnesia
 r - a scroll of remove curse
 t - 2 scrolls of teleportation
 y - 2 scrolls of immolation {!r}
 H - a scroll of holy word {unknown}
 N - a scroll of vulnerability {unknown}
 S - a scroll of noise {unknown}
 T - a scroll of brand weapon {unknown}
Potions
 k - a potion of curing
 l - a potion of invisibility {unknown}
 p - 2 potions of resistance
 s - a potion of brilliance
 F - 2 potions of flight
 J - a potion of might
 M - a potion of magic
 Z - a potion of agility
Books
 c - a book of Battle

   Spells                             Type                      Level
   a - Infusion                       Charms                       1
   b - Shroud of Golubria             Charms/Translocation         2
   c - Song of Slaying                Charms                       2
   d - Spectral Weapon                Hexes/Charms                 3
   e - Regeneration                   Charms/Necromancy            3
 K - a book of Frost
   (You found it on level 11 of the Dungeon)

   Spells                             Type                      Level
   a - Freeze                         Ice                          1
   b - Throw Frost                    Conjuration/Ice              2
   c - Ozocubu's Armour               Charms/Ice                   3
   d - Throw Icicle                   Conjuration/Ice              4
   e - Summon Ice Beast               Ice/Summoning                4
 P - a book of Necromancy
   (You found it in a labyrinth)

   Spells                             Type                      Level
   a - Pain                           Necromancy                   1
   b - Animate Skeleton               Necromancy                   1
   c - Vampiric Draining              Necromancy                   3
   d - Regeneration                   Charms/Necromancy            3
   e - Animate Dead                   Necromancy                   4
   f - Borgnjor's Vile Clutch         Necromancy/Earth             5
Miscellaneous
 Q - a crystal ball of energy
 W - a lamp of fire
Comestibles
 O - 12 rations


   Skills:
 + Level 8.8 Fighting
 + Level 7.4 Short Blades
 + Level 7.4 Long Blades
 + Level 7.4 Axes
 + Level 7.4 Maces & Flails
 + Level 8.8 Polearms
 + Level 7.4 Staves
 + Level 7.4 Slings
 + Level 7.4 Bows
 + Level 7.4 Crossbows
 + Level 7.4 Throwing
 + Level 7.9 Armour
 + Level 8.8 Dodging
 + Level 7.4 Stealth
 + Level 7.4 Shields
 + Level 7.4 Unarmed Combat
 + Level 9.1 Spellcasting
 + Level 6.2 Conjurations
 + Level 6.2 Hexes
 + Level 8.3 Charms
 + Level 6.2 Summonings
 + Level 6.2 Necromancy
 + Level 6.2 Translocations
 + Level 6.2 Transmutations
 + Level 6.2 Fire Magic
 + Level 6.2 Ice Magic
 + Level 6.2 Air Magic
 + Level 6.2 Earth Magic
 + Level 6.2 Poison Magic
 + Level 8.2 Invocations
 + Level 7.4 Evocations


You had 6 spell levels left.
You knew the following spells:

 Your Spells              Type           Power        Failure   Level  Hunger
g - Shroud of Golubria    Chrm/Tloc      ######....   1%          2    None
n - Animate Skeleton      Necr           N/A          1%          1    None
o - Ozocubu's Armour      Chrm/Ice       ######..     1%          3    None
r - Regeneration          Chrm/Necr      ######....   1%          3    None
v - Borgnjor's Vile Clut  Necr/Erth      ######....   6%          5    ###....
w - Spectral Weapon       Hex/Chrm       ######..     1%          3    None
y - Song of Slaying       Chrm           ######..     1%          2    None
N - Animate Dead          Necr           N/A          2%          4    None


Dungeon Overview and Level Annotations

Branches:
Dungeon (12/15)            Temple (1/1) D:6             Orc (2/2) D:10
    Elf (0/3) Orc:2
   Lair: D:8-11

Altars:
Ashenzari
Cheibriados
Dithmenos
Hepliaklqana
Kikubaaqudgha
Okawaru
Qazlal
Ru
Sif Muna
Trog
Vehumet
Xom
Zin
The Shining One
Beogh

Shops:
D:4 [:=}   D:5 =:[   D:9 [   Orc:2 [*=(


Innate Abilities, Weirdness & Mutations

Your experience applies equally to all skills.
You have very sharp teeth.
Your uncanny sense of smell can sniff out nearby items.


Message History

You feel clumsy.
You feel stronger.
j - a +2 ring of strength (left hand) Put on which piece of jewellery? (? for menu, Esc to quit)
Okay, then.
You see here 13 sling bullets.
You see here 9 gold pieces.
You now have 184 gold pieces (gained 9).
You see here 6 bolts.
f - 46 bolts (gained 6)
Found 11 gold pieces.
Found 5 stones.
You see here a book of Frost.
Unknown command.
You can't carry that many items.
Drop what? 52/52 slots (_ for help) (? for menu, Esc to quit)
You drop a +0 cloak.
K - a book of Frost Wear which item? (? for menu, Esc to quit)
Okay, then.
Memorise Ozocubu's Armour, consuming 3 spell levels and leaving 6?
You start memorising the spell.
You continue memorising. x3
You finish memorising.
Spell assigned to 'o'.
Unknown command.
Unknown command.
Found a potion of magic.
You see here 11 gold pieces.
Unknown command.
You now have 195 gold pieces (gained 11).
Unknown command.
You see here a potion of magic.
You can't carry that many items.
Drop what? 52/52 slots (_ for help) (? for menu, Esc to quit)
You drop a whip of electrocution.
M - a potion of magic Unknown command.
Really walk into a travel-excluded area?
Unknown command.
Press: ? - help, v - describe, . - travel The floor.
Reduced exclusion size to a single square.
Removed exclusion.
There is a stone staircase leading down here.
You climb downwards.
There is a stone staircase leading up here.
Unknown command.
Unknown command.
Found a scale mail.
There is a stone staircase leading up here.
You climb upwards.
There is a stone staircase leading down here.
Unknown command.
There is a stone staircase leading up here.
You climb upwards.
There is a stone staircase leading down here.
Unknown command.
There is a stone staircase leading up here.
A spriggan comes into view. It is wielding a dagger.
Found 11 gold pieces.
Found a scroll of teleportation.
Found 14 gold pieces and a ration.
You open the door.
Unknown command.
The spriggan shouts!
There is an open door here.
The spriggan closely misses you. The spriggan completely misses you.
Casting: Spectral Weapon
Confirm with . or Enter, or press ? or * to list all spells.
You draw out your weapon's spirit!
You block the spriggan's attack.
You slash the spriggan!
The spriggan is severely wounded.
Your spectral weapon barely misses the spriggan.
The spriggan hits you with a dagger.
You hit the spriggan.
The spriggan is almost dead.
Your spectral weapon hits the spriggan.
You kill the spriggan!
Cheibriados appreciates the change of pace.
Things that are here:
a dagger; a spriggan corpse You open the door.
Unknown command.
You see here a ration.
O - 12 rations (gained 1)
You swap places.
You see here 11 gold pieces.
You now have 206 gold pieces (gained 11).
You swap places.
Things that are here:
a dagger; a spriggan corpse
There is an open door here.
Your spectral weapon fades away.
You see here a scroll of teleportation.
t - 2 scrolls of teleportation (gained 1)
You see here 14 gold pieces.
You now have enough gold to buy a book of Minor Magic on D:4.
You can access your shopping list by pressing '$'.
You now have 220 gold pieces (gained 14).
Found 23 stones.
Are you sure you want to abandon this character and quit the game? (Confirm with "yes".)

##.# ##..# #...# ....# ....#
....#### ########## #######
.......# #........# #.....#
.......# #........# #.....#
###....# #....@...#####.....#
.......# #..................#
......>#####........#####.....#
............##.##...# #.....#
..)#.#.......#.##...# #.....#
...#...........##...# #.....#
##..#.........###(..# ###.###
.##...........# #...# #.#
..##..........###.###### #.#


There were no monsters in sight!

Vanquished Creatures
  Saint Roka (Orc:2)
  The ghost of Ratty the Artisan of Death, a journeyman DsNe of Kikubaaqudgha (Orc:2)
  Josephine (D:11)
  A minotaur (Lab)
  Erica (D:8)
  A two-headed ogre (D:8)
  Nergalle (D:11)
  An orc high priest (Orc:2)
  3 orc knights (Orc:2)
  Pikel (D:6)
  3 orc sorcerers (Orc:2)
  2 cyclopes (Orc:2)
  A gargoyle (D:10)
  A freezing wraith (D:11)
  A komodo dragon (D:11)
  7 trolls
  Eustachio (D:4)
  5 wraiths
  A spriggan (D:10)
  4 wargs (Orc:2)
  Duvessa (D:6)
  A sky beast (D:8)
  14 orc warriors
  A black bear (D:11)
  An ice beast (D:9)
  3 ogres
  3 phantoms
  3 centaurs
  A big kobold (D:7)
  The ghost of p0werm0de the Grave Robber, an amateur OpNe of Cheibriados (D:4)
  A crocodile (D:10)
  3 bullfrogs
  Dowan (D:6)
  3 troll zombies (D:10)
  3 howler monkeys (D:11)
  A centaur zombie (D:11)
  7 crimson imps
  3 jellies
  4 lava snakes (Lab)
  A bullfrog zombie (D:6)
  A centaur skeleton (D:11)
  4 hounds
  13 orc priests
  A bullfrog skeleton (D:10)
  A gnoll shaman (D:7)
  An iguana (D:5)
  16 orc wizards
  3 worker ants
  5 ogre zombies (D:10)
  4 gnolls (D:7)
  6 adders
  2 howler monkey skeletons
  A shadow imp (D:6)
  A worm (D:3)
  A dart slug (D:2)
  4 leopard geckos
  41 orcs
  2 giant cockroaches
  2 hobgoblins (D:3)
  13 jackals
  6 kobolds (D:7)
  A quokka (D:7)
  A bat (D:1)
  A goblin (D:2)
  2 goblin skeletons
  2 goblin zombies (D:10)
  A hobgoblin skeleton (D:10)
  4 hobgoblin zombies
  A kobold skeleton (D:4)
  2 kobold zombies (D:4)
  A leopard gecko zombie (D:7)
  6 orc skeletons
  14 orc zombies
  A rat (D:1)
259 creatures vanquished.

Vanquished Creatures (collateral kills)
  2 orcs (Orc:2)
2 creatures vanquished.

Vanquished Creatures (others)
  A bullfrog zombie (D:6)
  2 jackals (D:6)
  4 spectral weapons
7 creatures vanquished.

Grand Total: 268 creatures vanquished

Notes
Turn   | Place    | Note
-------+----------+-------------------------------------------
     0 | D:1      | tidbits the Gnoll Skald began the quest for the Orb.
     0 | D:1      | Reached XP level 1. HP: 20/20 MP: 6/6
   126 | D:2      | Reached XP level 2. HP: 24/26 MP: 7/7
   130 | D:2      | Learned a level 2 spell: Song of Slaying
   133 | D:2      | Learned a level 2 spell: Shroud of Golubria
   190 | D:5      | Entered Level 5 of the Dungeon
   297 | D:5      | Found Cimosuin's Jewellery Emporium.
   300 | D:5      | Found Afysa's Book Shoppe.
   320 | D:5      | Reached skill level 5 in Spellcasting
   320 | D:5      | Reached XP level 3. HP: 31/31 MP: 1/9
   325 | D:5      | Learned a level 3 spell: Regeneration
   329 | D:5      | Learned a level 3 spell: Spectral Weapon
   345 | D:5      | Noticed a centaur
   347 | D:5      | Found Odestrott's Antique Armour Shop.
   349 | D:5      | HP: 5/31 [centaur/arrow (14)]
   417 | D:6      | Reached skill level 1 in Invocations
   424 | D:6      | Reached skill level 1 in Short Blades
   424 | D:6      | Reached skill level 1 in Long Blades
   424 | D:6      | Reached skill level 1 in Axes
   424 | D:6      | Reached skill level 1 in Maces & Flails
   424 | D:6      | Reached skill level 1 in Staves
   424 | D:6      | Reached skill level 1 in Slings
   424 | D:6      | Reached skill level 1 in Bows
   424 | D:6      | Reached skill level 1 in Crossbows
   424 | D:6      | Reached skill level 1 in Throwing
   424 | D:6      | Reached skill level 1 in Stealth
   424 | D:6      | Reached skill level 1 in Shields
   424 | D:6      | Reached skill level 1 in Unarmed Combat
   424 | D:6      | Reached skill level 1 in Evocations
   424 | D:6      | Reached XP level 4. HP: 36/38 MP: 1/11
   465 | D:5      | HP: 5/38 [centaur (3)]
   467 | D:5      | Killed a centaur
   467 | D:5      | Reached skill level 1 in Conjurations
   467 | D:5      | Reached skill level 1 in Hexes
   467 | D:5      | Reached skill level 1 in Summonings
   467 | D:5      | Reached skill level 1 in Necromancy
   467 | D:5      | Reached skill level 1 in Translocations
   467 | D:5      | Reached skill level 1 in Transmutations
   467 | D:5      | Reached skill level 1 in Fire Magic
   467 | D:5      | Reached skill level 1 in Ice Magic
   467 | D:5      | Reached skill level 1 in Air Magic
   467 | D:5      | Reached skill level 1 in Earth Magic
   467 | D:5      | Reached skill level 1 in Poison Magic
   467 | D:5      | Reached XP level 5. HP: 4/43 MP: 1/12
   470 | D:5      | HP: 2/43 [orc/club (2)]
   508 | D:5      | Reached skill level 3 in Armour
   526 | D:5      | Got an iridescent hand axe
   527 | D:5      | Identified the +8 hand axe of the Eternal Void {chop, Int+3 SInv} (You found it on level 5 of the Dungeon)
   574 | D:4      | Found Wyneitel's Book Emporium.
   597 | D:4      | Found Axijisch's Armour Shop.
   608 | D:4      | Noticed Eustachio
   610 | D:4      | Found a glowing golden altar of the Shining One.
   619 | D:4      | Reached XP level 6. HP: 32/50 MP: 0/13
   631 | D:4      | Killed Eustachio
   631 | D:4      | Reached skill level 5 in Fighting
   631 | D:4      | Reached skill level 2 in Short Blades
   631 | D:4      | Reached skill level 2 in Long Blades
   631 | D:4      | Reached skill level 2 in Axes
   631 | D:4      | Reached skill level 2 in Maces & Flails
   631 | D:4      | Reached skill level 5 in Polearms
   631 | D:4      | Reached skill level 2 in Staves
   631 | D:4      | Reached skill level 2 in Slings
   631 | D:4      | Reached skill level 2 in Bows
   631 | D:4      | Reached skill level 2 in Crossbows
   631 | D:4      | Reached skill level 2 in Throwing
   631 | D:4      | Reached skill level 5 in Dodging
   631 | D:4      | Reached skill level 2 in Stealth
   631 | D:4      | Reached skill level 2 in Shields
   631 | D:4      | Reached skill level 2 in Unarmed Combat
   631 | D:4      | Reached skill level 2 in Invocations
   631 | D:4      | Reached skill level 2 in Evocations
   718 | D:4      | Noticed p0werm0de's ghost (amateur OpNe)
   724 | D:4      | Killed p0werm0de's ghost
   724 | D:4      | Reached XP level 7. HP: 47/56 MP: 5/15
   738 | D:4      | Found Heequide's Jewellery Emporium.
   779 | D:4      | Found Gamoqu's Gadget Shop.
   913 | D:6      | Reached skill level 2 in Conjurations
   913 | D:6      | Reached skill level 2 in Hexes
   913 | D:6      | Reached skill level 2 in Summonings
   913 | D:6      | Reached skill level 2 in Necromancy
   913 | D:6      | Reached skill level 2 in Translocations
   913 | D:6      | Reached skill level 2 in Transmutations
   913 | D:6      | Reached skill level 2 in Fire Magic
   913 | D:6      | Reached skill level 2 in Ice Magic
   913 | D:6      | Reached skill level 2 in Air Magic
   913 | D:6      | Reached skill level 2 in Earth Magic
   913 | D:6      | Reached skill level 2 in Poison Magic
   972 | D:6      | Noticed Pikel
   984 | D:6      | Killed Pikel
   984 | D:6      | Reached skill level 3 in Short Blades
   984 | D:6      | Reached skill level 3 in Long Blades
   984 | D:6      | Reached skill level 3 in Axes
   984 | D:6      | Reached skill level 3 in Maces & Flails
   984 | D:6      | Reached skill level 3 in Staves
   984 | D:6      | Reached skill level 3 in Slings
   984 | D:6      | Reached skill level 3 in Bows
   984 | D:6      | Reached skill level 3 in Crossbows
   984 | D:6      | Reached skill level 3 in Throwing
   984 | D:6      | Reached skill level 4 in Armour
   984 | D:6      | Reached skill level 3 in Stealth
   984 | D:6      | Reached skill level 3 in Shields
   984 | D:6      | Reached skill level 3 in Unarmed Combat
   984 | D:6      | Reached skill level 6 in Charms
   984 | D:6      | Reached skill level 3 in Invocations
   984 | D:6      | Reached skill level 3 in Evocations
   984 | D:6      | Reached XP level 8. HP: 49/63 MP: 13/16
  1105 | D:7      | Reached skill level 6 in Spellcasting
  1217 | D:7      | Found a bloodstained altar of Trog.
  1281 | D:6      | Noticed Duvessa
  1281 | D:6      | Noticed Dowan
  1290 | D:6      | Killed Duvessa
  1293 | D:6      | Killed Dowan
  1421 | D:6      | Found a staircase to the Ecumenical Temple.
  1430 | Temple   | Entered the Ecumenical Temple
  1449 | Temple   | Became a worshipper of Cheibriados the Contemplative
  1528 | D:6      | Reached skill level 4 in Invocations
  1663 | D:7      | Reached skill level 3 in Conjurations
  1663 | D:7      | Reached skill level 3 in Hexes
  1663 | D:7      | Reached skill level 3 in Summonings
  1663 | D:7      | Reached skill level 3 in Necromancy
  1663 | D:7      | Reached skill level 3 in Translocations
  1663 | D:7      | Reached skill level 3 in Transmutations
  1663 | D:7      | Reached skill level 3 in Fire Magic
  1663 | D:7      | Reached skill level 3 in Ice Magic
  1663 | D:7      | Reached skill level 3 in Air Magic
  1663 | D:7      | Reached skill level 3 in Earth Magic
  1663 | D:7      | Reached skill level 3 in Poison Magic
  1690 | D:7      | Reached XP level 9. HP: 65/69 MP: 14/18
  1722 | D:7      | Reached skill level 6 in Fighting
  1722 | D:7      | Reached skill level 6 in Polearms
  1722 | D:7      | Reached skill level 6 in Dodging
  1785 | D:8      | Noticed Erica
  1794 | D:8      | Killed Erica
  1794 | D:8      | Reached skill level 4 in Short Blades
  1794 | D:8      | Reached skill level 4 in Long Blades
  1794 | D:8      | Reached skill level 4 in Axes
  1794 | D:8      | Reached skill level 4 in Maces & Flails
  1794 | D:8      | Reached skill level 4 in Staves
  1794 | D:8      | Reached skill level 4 in Slings
  1794 | D:8      | Reached skill level 4 in Bows
  1794 | D:8      | Reached skill level 4 in Crossbows
  1794 | D:8      | Reached skill level 4 in Throwing
  1794 | D:8      | Reached skill level 5 in Armour
  1794 | D:8      | Reached skill level 4 in Stealth
  1794 | D:8      | Reached skill level 4 in Shields
  1794 | D:8      | Reached skill level 4 in Unarmed Combat
  1794 | D:8      | Reached skill level 4 in Evocations
  1824 | D:8      | Reached * piety under Cheibriados
  1882 | D:9      | Found Wosmafal's Armour Shoppe.
  1889 | D:9      | Bought a +0 helmet for 72 gold pieces
  1990 | D:8      | Noticed a two-headed ogre
  1997 | D:8      | Killed a two-headed ogre
  1997 | D:8      | Reached skill level 7 in Spellcasting
  1997 | D:8      | Reached skill level 4 in Conjurations
  1997 | D:8      | Reached skill level 4 in Hexes
  1997 | D:8      | Reached skill level 4 in Summonings
  1997 | D:8      | Reached skill level 4 in Necromancy
  1997 | D:8      | Reached skill level 4 in Translocations
  1997 | D:8      | Reached skill level 4 in Transmutations
  1997 | D:8      | Reached skill level 4 in Fire Magic
  1997 | D:8      | Reached skill level 4 in Ice Magic
  1997 | D:8      | Reached skill level 4 in Air Magic
  1997 | D:8      | Reached skill level 4 in Earth Magic
  1997 | D:8      | Reached skill level 4 in Poison Magic
  1997 | D:8      | Reached skill level 5 in Invocations
  1997 | D:8      | Reached XP level 10. HP: 76/77 MP: 16/20
  2027 | D:10     | Entered Level 10 of the Dungeon
  2088 | D:11     | Reached ** piety under Cheibriados
  2096 | D:11     | Reached skill level 5 in Short Blades
  2096 | D:11     | Reached skill level 5 in Long Blades
  2096 | D:11     | Reached skill level 5 in Axes
  2096 | D:11     | Reached skill level 5 in Maces & Flails
  2096 | D:11     | Reached skill level 5 in Staves
  2096 | D:11     | Reached skill level 5 in Slings
  2096 | D:11     | Reached skill level 5 in Bows
  2096 | D:11     | Reached skill level 5 in Crossbows
  2096 | D:11     | Reached skill level 5 in Throwing
  2096 | D:11     | Reached skill level 5 in Stealth
  2096 | D:11     | Reached skill level 5 in Shields
  2096 | D:11     | Reached skill level 5 in Unarmed Combat
  2096 | D:11     | Reached skill level 5 in Evocations
  2147 | D:11     | Reached skill level 7 in Charms
  2148 | D:11     | Noticed Josephine
  2156 | D:11     | Killed Josephine
  2156 | D:11     | Reached skill level 7 in Fighting
  2156 | D:11     | Reached skill level 7 in Polearms
  2156 | D:11     | Reached skill level 7 in Dodging
  2161 | D:11     | Reached skill level 6 in Armour
  2249 | D:11     | Noticed a death knight
  2262 | D:11     | Reached skill level 6 in Invocations
  2307 | D:11     | Found a labyrinth entrance.
  2311 | Lab      | Entered a labyrinth
  2479 | Lab      | Noticed a minotaur
  2489 | Lab      | Killed a minotaur
  2504 | Lab      | Learned a level 5 spell: Borgnjor's Vile Clutch
  2509 | Lab      | Learned a level 4 spell: Animate Dead
  2511 | Lab      | Learned a level 1 spell: Animate Skeleton
  2516 | D:11     | Reached XP level 11. HP: 63/84 MP: 16/22
  2623 | D:10     | Found a shattered altar of Ashenzari.
  2697 | D:10     | Reached *** piety under Cheibriados
  2709 | D:10     | Found a staircase to the Orcish Mines.
  2741 | Orc:1    | Entered Level 1 of the Orcish Mines
  2761 | Orc:1    | Reached skill level 6 in Short Blades
  2761 | Orc:1    | Reached skill level 6 in Long Blades
  2761 | Orc:1    | Reached skill level 6 in Axes
  2761 | Orc:1    | Reached skill level 6 in Maces & Flails
  2761 | Orc:1    | Reached skill level 6 in Staves
  2761 | Orc:1    | Reached skill level 6 in Slings
  2761 | Orc:1    | Reached skill level 6 in Bows
  2761 | Orc:1    | Reached skill level 6 in Crossbows
  2761 | Orc:1    | Reached skill level 6 in Throwing
  2761 | Orc:1    | Reached skill level 6 in Stealth
  2761 | Orc:1    | Reached skill level 6 in Shields
  2761 | Orc:1    | Reached skill level 6 in Unarmed Combat
  2761 | Orc:1    | Reached skill level 6 in Evocations
  2765 | Orc:1    | Reached **** piety under Cheibriados
  2765 | Orc:1    | Reached skill level 5 in Conjurations
  2765 | Orc:1    | Reached skill level 5 in Hexes
  2765 | Orc:1    | Reached skill level 5 in Summonings
  2765 | Orc:1    | Reached skill level 5 in Necromancy
  2765 | Orc:1    | Reached skill level 5 in Translocations
  2765 | Orc:1    | Reached skill level 5 in Transmutations
  2765 | Orc:1    | Reached skill level 5 in Fire Magic
  2765 | Orc:1    | Reached skill level 5 in Ice Magic
  2765 | Orc:1    | Reached skill level 5 in Air Magic
  2765 | Orc:1    | Reached skill level 5 in Earth Magic
  2765 | Orc:1    | Reached skill level 5 in Poison Magic
  2839 | Orc:2    | Entered Level 2 of the Orcish Mines
  2839 | Orc:2    | Noticed a cyclops
  2839 | Orc:2    | Noticed Ratty's ghost (journeyman DsNe)
  2847 | Orc:2    | Killed a cyclops
  2860 | Orc:2    | Killed Ratty's ghost
  2860 | Orc:2    | Reached skill level 8 in Spellcasting
  2860 | Orc:2    | HP: 10/86 [troll (11)]
  2928 | Orc:1    | Noticed an orc knight
  2976 | Orc:2    | Noticed an orc high priest
  2995 | Orc:2    | HP: 15/86 [rust devil[an orc high priest] (10)]
  3003 | Orc:2    | HP: 15/86 [orc wizard/puff of flame (8)]
  3020 | Orc:2    | Noticed a cyclops
  3024 | Orc:2    | Found a staircase to the Elven Halls.
  3025 | Orc:2    | Noticed an orc sorcerer
  3026 | Orc:2    | Killed an orc sorcerer
  3032 | Orc:2    | Reached skill level 7 in Invocations
  3033 | Orc:2    | Noticed an orc knight
  3034 | Orc:2    | Killed a cyclops
  3034 | Orc:2    | Reached skill level 8 in Fighting
  3034 | Orc:2    | Reached skill level 8 in Polearms
  3034 | Orc:2    | Reached skill level 7 in Armour
  3034 | Orc:2    | Reached skill level 8 in Dodging
  3045 | Orc:2    | Killed an orc knight
  3052 | Orc:2    | HP: 15/86 [orc warrior/halberd (15)]
  3053 | Orc:2    | HP: 2/86 [orc warrior/halberd (14)]
  3057 | Orc:2    | Noticed an orc high priest
  3063 | Orc:2    | Noticed a soul eater
  3064 | Orc:2    | Killed an orc high priest
  3068 | Orc:2    | Noticed an orc sorcerer
  3069 | Orc:2    | Killed an orc sorcerer
  3085 | Orc:2    | Reached ***** piety under Cheibriados
  3104 | Orc:2    | Reached XP level 12. HP: 79/93 MP: 7/24
  3143 | Orc:2    | Reached skill level 8 in Charms
  3174 | Orc:2    | Noticed Saint Roka
  3193 | Orc:2    | Killed Saint Roka
  3193 | Orc:2    | Reached skill level 7 in Short Blades
  3193 | Orc:2    | Reached skill level 7 in Long Blades
  3193 | Orc:2    | Reached skill level 7 in Axes
  3193 | Orc:2    | Reached skill level 7 in Maces & Flails
  3193 | Orc:2    | Reached skill level 7 in Staves
  3193 | Orc:2    | Reached skill level 7 in Slings
  3193 | Orc:2    | Reached skill level 7 in Bows
  3193 | Orc:2    | Reached skill level 7 in Crossbows
  3193 | Orc:2    | Reached skill level 7 in Throwing
  3193 | Orc:2    | Reached skill level 7 in Stealth
  3193 | Orc:2    | Reached skill level 7 in Shields
  3193 | Orc:2    | Reached skill level 7 in Unarmed Combat
  3193 | Orc:2    | Reached skill level 6 in Conjurations
  3193 | Orc:2    | Reached skill level 6 in Hexes
  3193 | Orc:2    | Reached skill level 6 in Summonings
  3193 | Orc:2    | Reached skill level 6 in Necromancy
  3193 | Orc:2    | Reached skill level 6 in Translocations
  3193 | Orc:2    | Reached skill level 6 in Transmutations
  3193 | Orc:2    | Reached skill level 6 in Fire Magic
  3193 | Orc:2    | Reached skill level 6 in Ice Magic
  3193 | Orc:2    | Reached skill level 6 in Air Magic
  3193 | Orc:2    | Reached skill level 6 in Earth Magic
  3193 | Orc:2    | Reached skill level 6 in Poison Magic
  3193 | Orc:2    | Reached skill level 7 in Evocations
  3194 | Orc:2    | Found a roughly hewn altar of Beogh.
  3205 | Orc:2    | Found Xoqous's Antique Weapon Shoppe.
  3213 | Orc:2    | Reached skill level 8 in Invocations
  3232 | Orc:2    | Found Mepecatz's General Store.
  3249 | Orc:2    | Found Zanasch's Antique Armour Shoppe.
  3257 | Orc:2    | Bought a jewelled cloak for 294 gold pieces
  3267 | Orc:2    | Identified the +3 cloak of Honour {rPois Str+3} (You bought it in a shop on level 2 of the Orcish Mines)
  3277 | Orc:2    | Found Ulaek's Jewellery Shoppe.
  3283 | Orc:2    | Bought an uncursed amulet of magic regeneration for 360 gold pieces
  3396 | D:9      | Reached skill level 9 in Spellcasting
  3398 | D:9      | Found a hazy altar of Hepliaklqana.
  3700 | D:11     | Noticed Nergalle
  3718 | D:11     | Killed Nergalle
  3847 | D:11     | Learned a level 3 spell: Ozocubu's Armour
  4002 | D:10     | Quit the game

Skill      XL: |  1  2  3  4  5  6  7  8  9 10 11 12 |
---------------+-------------------------------------+-----
Spellcasting   | 5 6 7 8 9 |  9.1
Invocations    | 1 2 3 4 5 6 7 8 |  8.2
Short Blades   | 1 2 3 4 5 6 7 |  7.4
Long Blades    | 1 2 3 4 5 6 7 |  7.4
Axes           | 1 2 3 4 5 6 7 |  7.4
Maces & Flails | 1 2 3 4 5 6 7 |  7.4
Staves         | 1 2 3 4 5 6 7 |  7.4
Slings         | 1 2 3 4 5 6 7 |  7.4
Bows           | 1 2 3 4 5 6 7 |  7.4
Crossbows      | 1 2 3 4 5 6 7 |  7.4
Throwing       | 1 2 3 4 5 6 7 |  7.4
Stealth        | 1 2 3 4 5 6 7 |  7.4
Shields        | 1 2 3 4 5 6 7 |  7.4
Unarmed Combat | 1 2 3 4 5 6 7 |  7.4
Evocations     | 1 2 3 4 5 6 7 |  7.4
Conjurations   | 1 2 3 4 5 6 |  6.2
Hexes          | 1 2 3 4 5 6 |  6.2
Summonings     | 1 2 3 4 5 6 |  6.2
Necromancy     | 1 2 3 4 5 6 |  6.2
Translocations | 1 2 3 4 5 6 |  6.2
Transmutations | 1 2 3 4 5 6 |  6.2
Fire Magic     | 1 2 3 4 5 6 |  6.2
Ice Magic      | 1 2 3 4 5 6 |  6.2
Air Magic      | 1 2 3 4 5 6 |  6.2
Earth Magic    | 1 2 3 4 5 6 |  6.2
Poison Magic   | 1 2 3 4 5 6 |  6.2
Armour         | 3 4 5 6 7 |  7.9
Fighting       | 5 6 7 8 |  8.8
Polearms       | 5 6 7 8 |  8.8
Dodging        | 5 6 7 8 |  8.8
Charms         | 6 7 8 |  8.3

Action                   |  1- 3 |  4- 6 |  7- 9 | 10-12 || total
-------------------------+-------+-------+-------+-------++-------
Melee: Spear             |    33 |    15 |       |       ||    48
       Bite              |     1 |     6 |    11 |    63 ||    81
       Hand axe          |       |    32 |   113 |   270 ||   415
       Punch             |       |       |     2 |     9 ||    11
Throw: Tomahawk          |       |       |       |     6 ||     6
 Cast: Infusion          |     3 |       |       |       ||     3
       Regeneration      |     2 |     3 |     7 |    20 ||    32
       Spectral Weapon   |     1 |     6 |    13 |    39 ||    59
       Shroud of Golubri |     1 |     2 |     5 |     8 ||    16
       Song of Slaying   |       |       |     2 |     7 ||     9
       Animate Dead      |       |       |       |     5 ||     5
       Borgnjor's Vile C |       |       |       |     6 ||     6
Invok: Temporal Distorti |       |       |       |     1 ||     1
Evoke: Wand              |       |       |     3 |    24 ||    27
  Use: Potion            |     1 |     2 |       |     8 ||    11
       Scroll            |       |     1 |     6 |     4 ||    11
 Stab: Sleeping          |     1 |       |     4 |     1 ||     6
       Distracted        |       |     1 |     2 |     6 ||     9
  Eat: Ration            |     1 |       |     2 |     1 ||     4
Armor: Leather armour    |     4 |     5 |     9 |       ||    18
       Robe              |       |       |     8 |     6 ||    14
       Troll leather arm |       |       |       |    40 ||    40
Dodge: Dodged            |    11 |    33 |    84 |   281 ||   409
Block: Buckler           |       |       |       |    11 ||    11

Table legend:
 A = Turns spent in this place as a percentage of turns spent in the entire game.
 B = Non-inter-level travel turns spent in this place as a percentage of non-inter-level travel turns spent in the entire game.
 C = Inter-level travel turns spent in this place as a percentage of turns spent in this place.
 D = Turns resting spent in this place as a percentage of non-inter-level travel turns spent in this place.
 E = Turns spent auto-exploring this place as a percentage of non-inter-level travel turns spent in this place.
 F = Non-inter-level travel turns spent in this place divided by the number of levels of this place that you've seen.
                   A       B       C       D       E      F
               +-------+-------+-------+-------+-------+----------------------
         Total | 100.0 | 100.0 |   4.5 |   0.0 |   0.0 | 238.9
       Dungeon |  79.1 |  78.5 |   5.2 |   0.0 |   0.0 | 250.0
        Temple |   0.9 |   0.5 |  41.7 |   0.0 |   0.0 |  21.0
  Orcish Mines |  15.0 |  15.7 |   0.0 |   0.0 |   0.0 | 299.5
     Labyrinth |   5.0 |   5.3 |   0.0 |   0.0 |   0.0 | 202.0
               +-------+-------+-------+-------+-------+----------------------

Table legend:
 A = Kills in this place as a percentage of kills in entire the game.
 B = Kills by you in this place as a percentage of kills by you in the entire game.
 C = Kills by friends in this place as a percentage of kills by friends in the entire game.
 D = Other kills in this place as a percentage of other kills in the entire game.
 E = Experience gained in this place as a percentage of experience gained in the entire game.
 F = Experience gained in this place divided by the number of levels of this place that you have seen.
                   A       B       C       D       E      F
               +-------+-------+-------+-------+-------+----------------------
         Total | 100.0 | 100.0 | 100.0 |   N/A | 100.0 | 1793.8
       Dungeon |  68.6 |  69.1 |   0.0 |   N/A |  41.6 | 995.8
  Orcish Mines |  29.5 |  29.0 | 100.0 |   N/A |  54.1 | 7759.0
     Labyrinth |   1.9 |   1.9 |   0.0 |   N/A |   4.3 | 1232.0
               +-------+-------+-------+-------+-------+----------------------

Vault maps used:
D:1:      minmay_arrival_four_houses
D:2:      yredelemnul_forgotten_temple_becter
D:4:      cheibrodos_thug_alley, nicolae_tso_besieged_by_evil, first_ration,
          serial_shops, kennysheep_mini, shop, shop_fountains, shop_coins,
          enter_ossuary_2, uniq_eustachio
D:5:      serial_shops, nicolae_shop_stone, shop, shop, shop, shop, minivault_26
D:6:      lemuel_temple_firewalk_b, nrook_loot_triangle, st_stairs_11,
          uniq_pikel, uniq_duvessa
D:7:      bloody_trog, grunt_temple_overflow_opulence, basic_altar,
          serial_shops, shop
D:8:      erik_lair_dragon, uniq_erica, uniq_maurice
D:9:      lemuel_doored_altar, serial_shops, nicolae_shop_crystal
D:10:     zombieorc2_lemuel, grunt_pizzeria, nicolae_ashenzari_panopticon
D:11:     lab_entry_generic, uniq_josephine, uniq_nergalle
D:12:     uniq_psyche
Temple:   eino_temple_rhombus
Orc:1:    guppyfry_library_mini
Orc:2:    grunt_orc_cross, basic_altar
Lab:      labyrinth_green, nicolae_lab_quarters, nicolae_lab_stuck,
          labyrinth_lava_lair, nicolae_lab_grate_2
